 Seeded DCSS version 0.31-a0-180-g519b7de00c (webtiles) character file.

Game seed: 8530248832562905108 (custom seed)

2970 innerfire43 the Spear-Bearer (level 9, 0/69 HPs)
             Began as a Demonspawn Monk on June 19, 2023.
             Slain by an orc warrior
             ... wielding a +0 halberd
              (7 damage)
             ... on level 7 of the Dungeon.
             The game lasted 00:04:41 (5498 turns).

innerfire43 the Spear-Bearer (Demonspawn Monk)      Turns: 5498, Time: 00:04:41

Health: 0/69       AC:  7    Str: 17    XL:     9   Next: 52%
Magic:  0/9        EV: 15    Int: 13    God:
Gold:   409        SH:  0    Dex: 21    Spells: 8/8 levels left

rFire   . . .        s - +7 spear of the Winnowing Big Fish {drain, rPois rN+ Int+2}
rCold   . . .        d - orb {light}
rNeg    + . .        b - +0 robe
rPois   +            q - +0 helmet
rElec   .            (no cloak)
rCorr   .            (no gloves)
SInv    .            o - +0 pair of boots
Will    .....        (no amulet)
Stlth   +            y - +6 ring of dexterity
HPRegen 0.31/turn    (no ring)
MPRegen 0.22/turn

%: guardian spirit
@: glowing
A: thin metallic scales 2, magic shield, magic regeneration
a: no special abilities


You were on level 7 of the Dungeon.
You visited 1 branch of the dungeon, and saw 7 of its levels.

You collected 409 gold pieces.

Inventory:

Hand Weapons
 a - a +0 spear
 s - the +7 spear of the Winnowing Big Fish (weapon) {drain, rPois rN+ Int+2}
   (You found it on level 3 of the Dungeon)

   Int:       It affects your intelligence (+2).
   rPois:     It protects you from poison.
   rN:        It protects you from negative energy.
 B - the +6 sling "Tevevinn" {heavy, *Slow rElec rN++ Will- Dex+3}
   (You found it on level 6 of the Dungeon)

   Dex:       It affects your dexterity (+3).
   rElec:     It insulates you from electricity.
   rN:        It greatly protects you from negative energy.
   *Slow:     It may slow you when you take damage.
   Will:      It decreases your willpower.
Armour
 b - a +0 robe (worn)
 d - an orb of light (worn)
 o - a +0 pair of boots (worn)
 q - a +0 helmet (worn)
Jewellery
 t - a ring of positive energy
 y - a +6 ring of dexterity (left hand)
 F - a +6 ring of intelligence
 G - a ring of resist corrosion
Wands
 x - a wand of light (7)
Scrolls
 e - 5 scrolls of teleportation {unknown}
 f - 2 scrolls of fear {unknown}
 g - a scroll of brand weapon {unknown}
 i - 5 scrolls of identify {unknown}
 j - 2 scrolls of amnesia {unknown}
 k - a scroll of enchant weapon {unknown}
 p - 2 scrolls of immolation {unknown}
 C - a scroll of revelation {unknown}
 D - a scroll of vulnerability {unknown}
 E - a scroll of blinking {unknown}
Potions
 c - a potion of ambrosia
 h - 3 potions of curing {unknown}
 l - 2 potions of lignification {unknown}
 n - 2 potions of degeneration {unknown}
 r - 2 potions of brilliance {unknown}
 u - 3 potions of enlightenment {unknown}
 v - a potion of magic {unknown}
 w - a potion of invisibility {unknown}
 z - a potion of haste {unknown}
 A - 2 potions of mutation {unknown}


   Skills:
 + Level 5.7 Fighting
 * Level 10.9 Polearms
 + Level 4.7 Dodging
 - Level 1.1 Stealth


You had 8 spell levels left.
You didn't know any spells.
Your spell library contained the following spells:

 Spells                   Type           Power      Damage    Failure   Level
 Necrotise                Necr           0%         1d4       30%         1
 Cigotuvi's Dreadful Rot  Necr/Pois/Air  0%         N/A       43%         2
 Vampiric Draining        Necr           0%         2d6       67%         3
 Dispel Undead            Necr           0%         3d6       97%         4
 Agony                    Necr           0%         N/A       100%        5
 Death Channel            Necr           0%         N/A       100%        6


Dungeon Overview and Level Annotations

Branches:
Dungeon (7/15)
 Temple: D:4-7

Altars:
Ashenzari
Kikubaaqudgha
Qazlal
Sif Muna
Yredelemnul

Shops:
D:3 :

Annotations:
D:5 2 transporters, Menkaure
D:6 1 runed translucent door


Innate Abilities, Weirdness & Mutations

You are mostly covered in thin metallic scales. (AC +3)
When hurt, damage is shared between your health and your magic reserves.
You regenerate magic rapidly.


Message History

The orc warrior misses you. The orc wizard completely misses you.
You puncture the ogre!
The ogre is almost dead.
The orc warrior hits you from afar with a +0 halberd!
The orc wizard closely misses you. The ogre barely misses you.
The orc wizard hits you but does no damage.
You hit the ogre.
You kill the ogre!
The orc wizard attacks as you move away!
The orc wizard misses you.
You feel less confused.
You barely miss the orc wizard.
The orc wizard hits you with a +0 dagger.
The orc wizard hits you but does no damage.
The orc warrior closely misses you.
You puncture the orc wizard! You drain the orc wizard.
The orc wizard is almost dead.
You puncture the orc wizard!
You kill the orc wizard!
Reactivating autopickup.
The orc warrior barely misses you. The orc wizard barely misses you.
The orc warrior closely misses you. The orc wizard misses you.
Things that are here:
a +0 dagger; a +0 robe You barely miss the orc wizard.
The orc wizard is moderately wounded.
You puncture the orc wizard!
You kill the orc wizard!
The orc warrior hits you with a +0 halberd!
The orc warrior completely misses you.
Things that are here:
a +0 dagger; a +0 robe The orc warrior hits you with a +0 halberd.
* * * LOW HITPOINT WARNING * * *
The orc warrior barely misses you.
The orc warrior attacks as you move away!
The orc warrior hits you with a +0 halberd!
* * * LOW HITPOINT WARNING * * *
The orc warrior hits you from afar with a +0 halberd!
You die...

#..##.##..###.........
#.....#..## ##..####..
#.###..##O..##..##
#.##..##..#..##..###
##....##..#.#..##...##
#.))###..#._.#..###...
#...o.##..#.#..##...##
##.#...##..#..##....#
#...@..#'...##.....+
#.......# ##......#
#.....#..###......##
........#..#......##
#........?...#.#...##
#.........##...##'##
####...#.###..###.#
#... .#........##
....##...#####


You could see an orc warrior.

Vanquished Creatures
  Grinder (D:5)
  Prince Ribbit (D:5)
  A wyvern (D:7)
  Eustachio (D:5)
  Duvessa (D:4)
  2 ice beasts (D:6)
  3 black bears
  A centaur (D:5)
  2 ogres (D:7)
  Blork the orc (D:5)
  A kobold brigand (D:7)
  A bullfrog (D:6)
  13 scorpions
  Dowan (D:4)
  A killer bee (D:6)
  4 hounds
  An orc priest (D:6)
  4 iguanas
  3 orc wizards
  4 adders
  2 shadow imps (D:6)
  3 white imps
  An ufetubus (D:5)
  2 dart slugs
  7 orcs
  3 bats (D:3)
  5 endoplasms
  7 giant cockroaches
  3 goblins
  5 hobgoblins
  9 kobolds
  4 quokkas
  3 ball pythons
  3 frilled lizards
  8 rats
112 creatures vanquished.

Notes
Turn   | Place    | Note
-------+----------+-------------------------------------------
     0 | D:1      | innerfire43 the Demonspawn Monk began the quest for the
                  | Orb.
     0 | D:1      | Reached XP level 1. HP: 18/18 MP: 1/1
   881 | D:2      | Reached skill level 3 in Polearms
   881 | D:2      | Gained mutation: You regenerate magic rapidly. [demonic
                  | ancestry]
   881 | D:2      | Reached XP level 2. HP: 24/24 MP: 2/2
  1108 | D:2      | Identified the +0 helmet of Prudence {Will+ Str+4}
  1319 | D:2      | Gained mutation: You are partially covered in thin metallic
                  | scales. (AC +2) [demonic ancestry]
  1319 | D:2      | Reached XP level 3. HP: 25/29 MP: 3/3
  1416 | D:2      | Gained mutation: You are mostly covered in thin metallic
                  | scales. (AC +3) [demonic ancestry]
  1416 | D:2      | Reached XP level 4. HP: 36/36 MP: 4/4
  2009 | D:3      | Found Luextoh's Book Shop.
  2062 | D:3      | Found a broken altar of Ashenzari.
  2103 | D:3      | Identified the +7 spear of the Winnowing Big Fish {drain,
                  | rPois rN+ Int+2}
  2452 | D:3      | Noticed a scorpion
  2457 | D:3      | Killed a scorpion
  2458 | D:3      | Reached skill level 4 in Polearms
  2458 | D:3      | Reached skill level 1 in Stealth
  2458 | D:3      | Reached XP level 5. HP: 35/42 MP: 5/5
  2868 | D:4      | Noticed Duvessa
  2869 | D:4      | Noticed Dowan
  2881 | D:4      | Killed Duvessa
  2882 | D:4      | Reached skill level 5 in Polearms
  2882 | D:4      | Reached XP level 6. HP: 43/48 MP: 6/6
  2884 | D:4      | Killed Dowan
  2984 | D:4      | Reached skill level 6 in Polearms
  2984 | D:4      | Reached XP level 7. HP: 55/55 MP: 7/7
  3329 | D:5      | Entered Level 5 of the Dungeon
  3380 | D:5      | Found a shimmering blue altar of Sif Muna.
  3429 | D:5      | Noticed Eustachio
  3451 | D:5      | Killed Eustachio
  3545 | D:5      | Noticed a wraith
  3550 | D:5      | Found a transporter.
  3551 | D:5      | Noticed Menkaure
  3553 | D:5      | Found a transporter.
  3553 | D:5      | Found a basalt altar of Yredelemnul.
  3555 | D:5      | Noticed a vampire
  3577 | D:5      | Found an ancient bone altar of Kikubaaqudgha.
  3579 | D:5      | Noticed a vampire
  3597 | D:5      | Reached skill level 7 in Polearms
  3662 | D:5      | Found a stormy altar of Qazlal.
  3822 | D:5      | Noticed Blork the orc
  3828 | D:5      | Killed Blork the orc
  3829 | D:5      | Gained mutation: When hurt, damage is shared between your
                  | health and your magic reserves. [demonic ancestry]
  3829 | D:5      | Reached XP level 8. HP: 61/61 MP: 8/8
  3904 | D:5      | Found Betuhot's One-of-a-Kind Rings.
  3978 | D:5      | Noticed Prince Ribbit
  3984 | D:5      | Reached skill level 8 in Polearms
  3989 | D:5      | Noticed Grinder
  3995 | D:5      | Killed Prince Ribbit
  4002 | D:5      | Killed Grinder
  4003 | D:5      | Reached skill level 5 in Fighting
  4003 | D:5      | Reached skill level 9 in Polearms
  4214 | D:6      | Found a runed translucent door.
  4216 | D:6      | Found a runed translucent door.
  4319 | D:6      | Reached XP level 9. HP: 56/68 MP: 7/9
  4431 | D:6      | Reached skill level 10 in Polearms
  4478 | D:6      | Identified the +6 sling "Tevevinn" {heavy, *Slow rElec rN++
                  | Will- Dex+3}
  5498 | D:7      | Slain by an orc warrior

Illustrated notes

Levels and vault maps discovered:
D:1:      saegor_arrival_fortress, layout_basic
D:2:      layout_basic, grunt_ministairs_4
D:3:      layout_loops_ring, mainiacjoe_overflow_chevrons, serial_shops, shop,
          bh_walls_and_bars
D:4:      layout_basic, minmay_misc_feat_pillars, uniq_duvessa
D:5:      layout_loops_ring, gammafunk_temple_of_torment, amcnicky_altar_gilded,
          nicolae_qazlal_general_emergency, nicolae_shop_unique_rings,
          kennysheep_generic_room_2, uniq_eustachio, uniq_grinder,
          uniq_prince_ribbit1, uniq_blork_the_orc
D:6:      lemuel_insect_pit, layout_loops_ring
D:7:      layout_loops_corners, tso_metal_star, temple_pool_b

Skill      XL: |  1  2  3  4  5  6  7  8  9 |
---------------+----------------------------+-----
Polearms       | 3 4 5 6 7 9 10 | 10.9
Dodging        | 3 4 |  4.7
Stealth        | 1 |  1.1
Fighting       | 4 5 |  5.7

Action                     |  1- 3 |  4- 6 |  7- 9 || total
---------------------------+-------+-------+-------++-------
  Melee: Spear             |    86 |   101 |   190 ||   377
    Use: Potion            |       |       |     1 ||     1
   Stab: Sleeping          |       |     3 |     3 ||     6
 Armour: Robe              |    19 |    19 |    33 ||    71
  Dodge: Dodged            |    64 |    46 |    84 ||   194

Table legend: (Time is in decaauts)
 A = Elapsed time spent in this place.
 B = Non-inter-level travel time spent in this place.
 C = Inter-level travel time spent in this place.
 D = Time resting spent in this place.
 E = Time spent auto-exploring this place.
 F = Levels seen in this place.
 G = Mean time per level.
                   A        B        C        D        E       F      G
               +--------+--------+--------+--------+--------+-----+--------+
         Total |   5414 |   5158 |    256 |      0 |   4352 |   7 |  773.4 |
       Dungeon |   5414 |   5158 |    256 |      0 |   4352 |   7 |  773.4 |
               +--------+--------+--------+--------+--------+-----+--------+

Top non-repeatable levels by time:
     D:2: 1179 daAuts
     D:6: 965 daAuts
     D:3: 841 daAuts
     D:5: 827 daAuts
     D:4: 654 daAuts
     D:1: 636 daAuts
     D:7: 309 daAuts
